 Dungeon Crawl Stone Soup version 0.19-a0-1013-g40768a3 (webtiles) character file.

125 Ijustatesigmund the Skirmisher (level 4, 37/37 HPs)
             Began as a Demonspawn Fighter on July 24, 2016.
             Quit the game on level 2 of the Dungeon.
             The game lasted 00:07:59 (1510 turns).

Ijustatesigmund the Skirmisher (Demonspawn Fighter) Turns: 1510, Time: 00:08:00

Health: 37/37      AC: 13    Str: 16    XL:     4   Next: 82%
Magic:  4/4        EV:  8    Int:  9    God:    Xom [..*...]
Gold:   102        SH:  8    Dex: 14    Spells: 0 memorised, 3 levels left

rFire  . . .     SeeInvis .     d - -2 dagger (curse)
rCold  + . .     Gourm    .     h - +2 scale mail {rC+}
rNeg   . . .     Faith    .     c - +0 shield
rPois  .         Spirit   .     (no helmet)
rElec  .         Dismiss  .     (no cloak)
rCorr  .         Reflect  .     g - +0 pair of gloves
SustAt .         Harm     .     (no boots)
MR     .....                    (no amulet)
Stlth  ..........               (no ring)
                                (no ring)

@: not resistant to hostile enchantments, extremely unstealthy
A: iridescent scales 1, rot immunity
a: Renounce Religion


You were on level 2 of the Dungeon.
You worshipped Xom.
You were a toy of Xom.
You were not hungry.

You visited 1 branch of the dungeon, and saw 2 of its levels.

You collected 102 gold pieces.

Inventory:

Hand Weapons
 a - a +1 flail
 d - a cursed -2 dagger (weapon)
Armour
 b - a +0 scale mail
 c - a +0 shield (worn)
 g - a +0 pair of gloves (worn)
 h - a +2 scale mail of cold resistance (worn)
Scrolls
 e - a scroll of blinking
Potions
 j - 2 potions of resistance
 k - 2 potions of curing
 l - a potion of lignification
Comestibles
 f - 2 bread rations
 m - a slice of pizza
 n - a meat ration
 q - 3 chunks of flesh


   Skills:
 + Level 4.1 Fighting
 + Level 3.0 Maces & Flails
 - Level 2.6 Armour
 + Level 2.1 Dodging
 - Level 2.6 Shields


You had 3 spell levels left.
You didn't know any spells.

Dungeon Overview and Level Annotations

Branches:
Dungeon (2/15)

Altars:
Xom


Innate Abilities, Weirdness & Mutations

You are partially covered in iridescent scales. (AC +4)
You are immune to rotting.


Message History

You offer a prayer to Xom.
Xom toots happily.
You offer a prayer to Xom.
You hear crickets chirping.
You offer a prayer to Xom.
Xom slaps you with a rainbow trout!
You offer a prayer to Xom.
Xom says: I'm watching you, my naughty child.
You offer a prayer to Xom.
Xom slaps you with a silver trout!
You enter the shallow water.
Moving in this stuff is going to be slow.
There is a fountain of sparkling water here.
You see here an enchanted dagger.
d - an enchanted dagger Wield which item (- for none, * to show all)? (? for menu, Esc to quit)
It sticks to your hand!
d - a cursed -2 dagger (weapon)
Okay, then.
Are you sure you want to abandon this character and quit the game? (Confirm with "yes".)

#.#.#.##....# #.(.........# ##
#.#.#.#.....# #...........#####
#.#.#.#.....# #...........#....
#.#.#.#.....# ##.##########....
#.#.#......######.###### #....
#.#.#.....###..#≈##.≈.≈## #....
#.#......##...#.#..#.#≈≈## #....
#.......##⌠##.≈≈⌠≈.###≈.≈###....
#####...#.#..⌠⌠@#≈≈.⌠≈.≈..##....
##..(##.#.§##⌠#.≈.....###....
#.)..#...≈.≈#.....###≈.##....
#....#≈.#⌠.≈#.≈≈....≈#≈##....
#....##≈..#.≈.≈#......###....
#.....###...###≈_#..≈## #....
#......##..#.≈...##≈## #....
#...################# #....
#...# #.>.(


There were no monsters in sight!

Vanquished Creatures
  Natasha (thrice) (D:2)
  An ooze (D:2)
  A worm (D:2)
  A dart slug (D:2)
  An orc (D:2)
  A ball python (D:1)
  2 giant cockroaches (D:1)
  6 goblins
  7 hobgoblins
  3 kobolds
  7 bats
  2 giant newts (D:1)
  6 rats
41 creatures vanquished.

Notes
Turn   | Place    | Note
-------+----------+-------------------------------------------
     0 | D:1      | Ijustatesigmund the Demonspawn Fighter began the quest for the Orb.
     0 | D:1      | Reached XP level 1. HP: 18/18 MP: 1/1
   264 | D:1      | Gained mutation: You are partially covered in iridescent scales. (AC +4) [demonic ancestry]
   264 | D:1      | Reached XP level 2. HP: 24/24 MP: 2/2
   806 | D:2      | Reached skill level 1 in Dodging
   806 | D:2      | Gained mutation: You are immune to rotting. [demonic ancestry]
   806 | D:2      | Reached XP level 3. HP: 29/29 MP: 3/3
  1018 | D:2      | Found a faded altar of an unknown god.
  1024 | D:2      | Noticed Natasha
  1042 | D:2      | Killed Natasha
  1164 | D:2      | Reached XP level 4. HP: 21/37 MP: 4/4
  1347 | D:2      | Noticed Natasha
  1365 | D:2      | Killed Natasha
  1365 | D:2      | Reached skill level 4 in Fighting
  1375 | D:2      | Noticed Natasha
  1381 | D:2      | Killed Natasha
  1397 | D:2      | Found a shimmering altar of Xom.
  1470 | D:2      | Became a worshipper of Xom of Chaos
  1510 | D:2      | Quit the game

Vault maps used:
D:1:      dpeg_arrival_long_road
D:2:      ecumenical_altar_1, tgw_xom, uniq_natasha

Skill      XL: |  1  2  3  4 |
---------------+-------------+-----
Maces & Flails | 2 3 |  3.0
Dodging        | 1 2 |  2.1
Fighting       | 4 |  4.1
Armour         | |  2.6
Shields        | |  2.6

Action                   |  1- 3 |  4- 6 || total
-------------------------+-------+-------++-------
Melee: Flail             |   100 |    36 ||   136
  Use: Scroll            |     4 |     4 ||     8
       Potion            |     1 |     2 ||     3
  Eat: Chunk             |     1 |     1 ||     2
Armor: Scale mail        |    65 |    18 ||    83
Dodge: Dodged            |    36 |     9 ||    45
Block: Shield            |    54 |     9 ||    63
